 Dungeon Crawl Stone Soup version 0.31-a0-662-g684573625c (webtiles) character file.

Game seed: 1954233531687906089

18 Cheibrodos the Sneak (level 2, 0/21 HPs)
             Began as an Octopode Delver on Sept 1, 2023.
             Succumbed to a scorpion's poison
             ... on level 4 of the Dungeon.
             The game lasted 00:09:35 (663 turns).

Cheibrodos the Sneak (Octopode Delver)               Turns: 663, Time: 00:09:35

Health: 0/21       AC:  1    Str: 11    XL:     2   Next: 70%
Magic:  2/2        EV: 13    Int: 12    God:
Gold:   33         SH:  0    Dex: 13    Spells: 1/1 levels left

rFire   . . .        a - +0 falchion
rCold   . . .        (no shield)
rNeg    . . .        (helmet restricted)
rPois   .            (no amulet)
rElec   .            (no ring)
rCorr   .            (no ring)
SInv    .            (no ring)
Will    .....        (no ring)
Stlth   ++++         (no ring)
HPRegen 0.23/turn    (no ring)
MPRegen 0.08/turn    (no ring)
                     (no ring)

%: no passive effects
@: lethally poisoned (0 -> -6)
A: almost no armour, amphibious, 8 rings, camouflage 1, gelatinous body 1,
(nimble swimmer 1), tentacles
a: no special abilities


You were on level 4 of the Dungeon.
You visited 1 branch of the dungeon, and saw 2 of its levels.

You collected 33 gold pieces.

Inventory:

Hand Weapons
 a - a +0 falchion (weapon)
Magical Staves
 h - a staff of earth
Wands
 f - a wand of digging (3)
Scrolls
 b - a scroll of fog
 c - a scroll of revelation
 d - 3 scrolls of identify {unknown}
 g - a scroll of silence
 j - a scroll of enchant weapon {unknown}
 k - a scroll of amnesia {unknown}
Potions
 e - a potion of haste
 i - a potion of heal wounds {unknown}


   Skills:
 - Level 3.0 Fighting
 * Level 3.2 Long Blades
 - Level 2.0 Dodging
 - Level 6.6 Stealth


You had one spell level left.
You didn't know any spells.
Your spell library contained the following spells:

 Spells                   Type           Power      Damage    Failure   Level
 Portal Projectile        Hex/Tloc       0%         N/A       69%         3
 Tukima's Dance           Hex            0%         N/A       69%         3
 Iskenderun's Mystic Bla  Conj/Tloc      0%         2d3       97%         4


Dungeon Overview and Level Annotations

Branches:
Dungeon (5/15)
 Temple: D:4-7

Altars:

Annotations:
D:4 Grinder


Innate Abilities, Weirdness & Mutations

You cannot wear most types of armour.
You are amphibious.
You can wear up to eight rings at the same time.
Your skin changes colour to match your surroundings (Stealth+).
Your rubbery body absorbs attacks. (AC +1, EV +1)
((You are camouflaged when in or above water. (Stealth+)))
You have tentacles for arms and can constrict up to eight enemies at once.


Message History

You close the door.
Press: ? - help, . - travel You can't see that place. [the floor.] Placed new exclusion.
A goblin comes into view. It is wielding a +0 quarterstaff.
The goblin moves out of view.
Found a dagger.
There is an open door here.
A phantom comes into view.
Removed exclusion.
Press: ? - help, v - describe, . - travel
Here: a phantom The floor.
Found a book of the Hunter.
The phantom attacks as it pursues you! The phantom hits you.
The phantom blinks!
You blink.
The worm bites you!
You feel yourself speed up. The phantom hits you!
* * * LOW HITPOINT WARNING * * *
The phantom blinks!
You blink.
Okay, then.
The endoplasm quivers. 2 lemures come into view.
You hit the endoplasm but do no damage. The endoplasm freezes you.
You are frozen.
* * * LOW HITPOINT WARNING * * *
Your extra speed is starting to run out.
As you open the door, it creaks loudly!
There is an open door here.
You feel yourself slow down. The scorpion attacks as it pursues you!
The scorpion stings you.
You are lethally poisoned!
The scorpion poisons you! The scorpion barely misses you.
* * * LOW HITPOINT WARNING * * *
You feel very sick.
* * * LOW HITPOINT WARNING * * *
You feel very sick. The scorpion attacks as it pursues you!
The scorpion stings you.
* * * LOW HITPOINT WARNING * * *
You die...

#.#############.##.#######
#.....W......##.#.........
#############.##.#.########
...# #.##.#.## ###.#####
##.##.#..# #.......#
##........#### #.......#
#...##.#.....#
#.......###.#.##.#.....#
#.......##..#.##@#.....#
###........##.##.#.†...#####.#
###...#.#####.##s#.....+.....#
......#.## #.##J#.....####5.#
..>.#.#.#.. .##.#.....#
....#.#.#.######.#.....#
....#.#.#........+.....#
....#.#........#.#.....#
J#..#.#..........#.#####


You could see a scorpion and an endoplasm.

Vanquished Creatures
  An adder (D:4)
  An orc (D:5)
  2 giant cockroaches (D:4)
  A goblin (D:4)
  A kobold (D:4)
  A quokka (D:4)
7 creatures vanquished.

Notes
Turn   | Place    | Note
-------+----------+-------------------------------------------
     0 | D:5      | Cheibrodos the Octopode Delver began the quest for the Orb.
     0 | D:5      | Reached XP level 1. HP: 16/16 MP: 1/1
     4 | D:5      | Noticed a hound
    42 | D:4      | Noticed a scorpion
    49 | D:4      | Noticed a hound
    77 | D:5      | Noticed an ogre
   203 | D:5      | Noticed an ogre
   214 | D:5      | Noticed a jelly
   219 | D:5      | Noticed a hound
   264 | D:4      | Noticed a hound
   322 | D:4      | Noticed a sleepcap
   331 | D:4      | Reached XP level 2. HP: 21/21 MP: 2/2
   549 | D:4      | Noticed Grinder
   577 | D:4      | Noticed a phantom
   624 | D:4      | Noticed a lemure
   624 | D:4      | Noticed a lemure
   662 | D:4      | HP: 1/21 [scorpion (1)]
   663 | D:4      | Succumbed to a scorpion's poison

Illustrated notes

Levels and vault maps discovered:
D:4:      layout_basic, uniq_pikel, uniq_grinder
D:5:      layout_basic, minmay_misc_feat_rugged, kennysheep_generic_room_5

Skill      XL: |  1  2 |
---------------+-------+-----
Long Blades    | 3 |  3.2
Fighting       | |  3.0
Dodging        | |  2.0
Stealth        | |  6.6

Action                     || total
---------------------------++-------
  Melee: Falchion          ||    20
         Constrict         ||     6
         Tentacles         ||     3
    Use: Scroll            ||     2
         Potion            ||     1
   Stab: Sleeping          ||     1
 Armour: Skin              ||    12
  Dodge: Dodged            ||    18

Table legend: (Time is in decaauts)
 A = Elapsed time spent in this place.
 B = Non-inter-level travel time spent in this place.
 C = Inter-level travel time spent in this place.
 D = Time resting spent in this place.
 E = Time spent auto-exploring this place.
 F = Levels seen in this place.
 G = Mean time per level.
                   A        B        C        D        E       F      G
               +--------+--------+--------+--------+--------+-----+--------+
         Total |    647 |    647 |      0 |     10 |      0 |   2 |  323.5 |
       Dungeon |    647 |    647 |      0 |     10 |      0 |   2 |  323.5 |
               +--------+--------+--------+--------+--------+-----+--------+

Top non-repeatable levels by time:
     D:4: 449 daAuts
     D:5: 198 daAuts
